General information
- name: BNet
- type: Ladder team game (AT/RT)
- host: Battle.net
- saver: TIMG4STrok
map: Monsoon
- players: 6
- length: 59:19
- speed: Fast
- version: 1.24 W3XP
- replay type:

» download(527 KB)
Players
team 1 (loser)
100_FoodWyrms (
green | 61 APM | 3575 actions | 59:01)
5 Blademaster
3 Wind Walk
2 Critical Strike
3 Shadow Hunter
2 Hex
1 Healing Wave
» actions
| Assign group hotkey | 33 | |
| Basic commands | 31 | |
| Build / train | 97 | |
| Enter build submenu | 39 | |
| Enter hero's abilities submenu | 8 | |
| Give item / drop item | 1 | |
| Remove unit from queue | 6 | |
| Right click | 1558 | |
| Select / deselect | 479 | |
| Select group hotkey | 915 | |
| Use ability | 408 | |
3575 total
» units
| Peon | 16 | |
| Wind Rider | 4 | |
| Troll Batrider | 22 | |
| Raider | 8 | |
50 total
» upgrades
| Spiked Barricades | 2 | |
| Liquid Fire | 1 | |
| Envenomed Spears | 1 | |
| Ensnare | 1 | |
| Pillage | 1 | |
6 total
» buildings
| Altar of Storms | 2 | |
| Orc Burrow | 12 | |
| War Mill | 2 | |
| Watch Tower | 11 | |
| Stronghold | 2 | |
| Voodoo Lounge | 3 | |
| Great Hall | 2 | |
| Beastiary | 5 | |
| Fortress | 3 | |
42 total
» build order
00:02 Altar of Storms
00:03 Orc Burrow
00:35 War Mill
01:51 Orc Burrow
02:38 Watch Tower
02:39 Watch Tower
02:40 Watch Tower
02:55 Watch Tower
02:59 Watch Tower
04:09 Watch Tower
04:14 Watch Tower
04:58 Stronghold
05:13 Watch Tower
05:17 Watch Tower
05:26 Voodoo Lounge
06:03 Orc Burrow
06:20 Watch Tower
06:21 Watch Tower
06:57 Great Hall
07:24 Beastiary
07:26 Beastiary
07:38 Fortress
07:38 Fortress
11:37 Beastiary
11:37 Beastiary
11:48 Voodoo Lounge
11:53 Voodoo Lounge
12:40 War Mill
14:30 Altar of Storms
14:43 Orc Burrow
14:43 Orc Burrow
14:47 Orc Burrow
21:51 Great Hall
28:56 Stronghold
33:53 Orc Burrow
33:55 Fortress
33:55 Fortress
42:40 Orc Burrow
43:39 Orc Burrow
43:40 Orc Burrow
44:31 Beastiary
45:24 Orc Burrow
45:24 Orc Burrow
» items
| Boots of Speed | 2 | |
| Staff of Teleportation | 2 | |
| Healing Salve | 1 | |
| Lesser Clarity Potion | 2 | |
| Scroll of Regeneration | 2 | |
| Scroll of Town Portal | 4 | |
| Periapt of Vitality | 1 | |
| Circlet of Nobility | 1 | |
15 total
50_foodhunts (
teal | 37 APM | 2202 actions | 59:04)
7 Mountain King
3 Storm Bolt
3 Thunder Clap
1 Avatar
2 Paladin
1 Holy Light
1 Divine Shield
» actions
| Assign group hotkey | 46 | |
| Basic commands | 8 | |
| Build / train | 130 | |
| Enter build submenu | 51 | |
| Enter hero's abilities submenu | 9 | |
| Give item / drop item | 1 | |
| Right click | 1094 | |
| Select / deselect | 503 | |
| Select group hotkey | 234 | |
| Use ability | 126 | |
2202 total
» units
| Peasant | 19 | |
| Flying Machine | 47 | |
| Mortar Team | 2 | |
| Siege Engine | 3 | |
71 total
» upgrades
| Masonry | 3 | |
| Magic Sentry | 1 | |
| Flak Cannons | 1 | |
| Gunpowder | 3 | |
| Plating | 3 | |
| Flying Machine Bombs | 1 | |
| Fragmentation Shards | 1 | |
| Barrage | 1 | |
14 total
» buildings
| Farm | 10 | |
| Altar of Kings | 1 | |
| Lumber Mill | 4 | |
| Scout Tower | 21 | |
| Arcane Tower | 1 | |
| Guard Tower | 18 | |
| Keep | 1 | |
| Blacksmith | 1 | |
| Town Hall | 2 | |
| Arcane Vault | 1 | |
| Castle | 1 | |
| Workshop | 4 | |
| Arcane Sanctum | 1 | |
66 total
» build order
00:09 Farm
00:14 Altar of Kings
00:21 Farm
00:47 Lumber Mill
01:20 Scout Tower
01:50 Arcane Tower
01:56 Scout Tower
02:00 Scout Tower
02:26 Guard Tower
02:31 Guard Tower
03:56 Scout Tower
04:10 Keep
04:20 Blacksmith
04:26 Guard Tower
04:30 Scout Tower
04:36 Scout Tower
04:56 Guard Tower
04:57 Guard Tower
05:01 Lumber Mill
05:07 Lumber Mill
05:10 Guard Tower
05:27 Scout Tower
05:34 Lumber Mill
05:58 Guard Tower
05:58 Guard Tower
06:11 Scout Tower
06:13 Scout Tower
06:33 Town Hall
06:43 Guard Tower
06:45 Scout Tower
06:48 Scout Tower
06:58 Scout Tower
07:05 Farm
07:10 Farm
07:15 Guard Tower
07:16 Guard Tower
07:20 Scout Tower
07:47 Guard Tower
07:51 Guard Tower
08:03 Arcane Vault
08:37 Castle
08:44 Workshop
08:51 Workshop
09:03 Arcane Sanctum
09:19 Scout Tower
09:39 Farm
09:44 Farm
09:45 Farm
09:58 Guard Tower
10:00 Scout Tower
11:33 Guard Tower
11:49 Scout Tower
12:20 Guard Tower
12:24 Scout Tower
12:56 Workshop
12:59 Workshop
14:29 Guard Tower
14:29 Guard Tower
15:00 Farm
15:06 Farm
15:09 Farm
28:10 Town Hall
28:13 Scout Tower
28:16 Scout Tower
28:18 Scout Tower
28:21 Scout Tower
» items
| Orb of Lightning | 1 | |
| Scroll of Town Portal | 5 | |
| Staff of Teleportation | 2 | |
| Boots of Speed | 2 | |
| Periapt of Vitality | 3 | |
13 total
50Food_Hunts (
red | 142 APM | 8391 actions | 59:16)
7 Mountain King
3 Storm Bolt
3 Bash
1 Avatar
8 Blood Mage
2 Flame Strike
3 Siphon Mana
2 Banish
1 Summon Phoenix
7 Paladin
3 Holy Light
3 Divine Shield
1 Devotion Aura
» actions
| Assign group hotkey | 225 | |
| Basic commands | 38 | |
| Build / train | 162 | |
| Enter build submenu | 57 | |
| Enter hero's abilities submenu | 25 | |
| Give item / drop item | 13 | |
| Remove unit from queue | 2 | |
| Right click | 3333 | |
| Select / deselect | 650 | |
| Select group hotkey | 3407 | |
| Use ability | 479 | |
8391 total
» units
| Peasant | 27 | |
| Gryphon Rider | 10 | |
| Dragonhawk Rider | 1 | |
| Priest | 4 | |
| Spell Breaker | 5 | |
47 total
» upgrades
| Masonry | 3 | |
| Lumber Harvesting | 2 | |
| Magic Sentry | 1 | |
| Storm Hammers | 1 | |
| Sorceress Training | 1 | |
| Cloud | 1 | |
| Armor | 1 | |
10 total
» buildings
| Altar of Kings | 1 | |
| Farm | 12 | |
| Lumber Mill | 4 | |
| Scout Tower | 29 | |
| Guard Tower | 18 | |
| Arcane Tower | 2 | |
| Arcane Vault | 1 | |
| Keep | 1 | |
| Town Hall | 2 | |
| Castle | 1 | |
| Arcane Sanctum | 2 | |
| Gryphon Aviary | 4 | |
| Blacksmith | 1 | |
78 total
» build order
00:06 Altar of Kings
00:07 Farm
00:31 Lumber Mill
00:49 Farm
01:43 Scout Tower
01:46 Scout Tower
02:23 Guard Tower
02:29 Scout Tower
02:31 Scout Tower
03:31 Arcane Tower
03:31 Arcane Tower
03:33 Scout Tower
03:34 Scout Tower
04:01 Guard Tower
04:09 Lumber Mill
04:18 Lumber Mill
04:23 Lumber Mill
04:28 Scout Tower
04:59 Guard Tower
05:01 Scout Tower
05:08 Arcane Vault
05:15 Scout Tower
05:17 Scout Tower
05:23 Keep
05:31 Guard Tower
05:34 Farm
05:51 Farm
05:55 Guard Tower
05:59 Scout Tower
06:01 Scout Tower
06:35 Guard Tower
06:37 Scout Tower
07:07 Guard Tower
07:18 Scout Tower
07:26 Town Hall
10:02 Castle
10:30 Arcane Sanctum
10:32 Farm
10:32 Farm
10:33 Farm
10:42 Farm
11:49 Gryphon Aviary
11:51 Gryphon Aviary
12:13 Gryphon Aviary
15:40 Farm
15:40 Farm
18:47 Scout Tower
18:48 Scout Tower
18:48 Scout Tower
18:48 Scout Tower
18:48 Scout Tower
18:49 Scout Tower
18:49 Scout Tower
18:50 Scout Tower
18:50 Scout Tower
19:28 Guard Tower
19:29 Guard Tower
21:14 Guard Tower
21:17 Town Hall
21:56 Blacksmith
26:39 Scout Tower
26:40 Scout Tower
26:40 Scout Tower
27:51 Guard Tower
27:51 Guard Tower
34:47 Farm
35:45 Arcane Sanctum
» items
| Scroll of Regeneration | 5 | |
| Lesser Clarity Potion | 13 | |
| Staff of Teleportation | 3 | |
| Boots of Speed | 4 | |
| Healing Salve | 5 | |
| Scroll of Town Portal | 5 | |
| Potion of Healing | 1 | |
| Scroll of Speed | 1 | |
| Scroll of Healing | 10 | |
| Potion of Lesser Invulnerability | 2 | |
| Tome of Retraining | 1 | |
50 total
team 2 (winner)

»
mata. (
yellow | 162 APM | 9590 actions | 59:17)
6 Archmage
3 Summon Water Elemental
2 Brilliance Aura
1 Mass Teleport
5 Mountain King
3 Storm Bolt
2 Bash
3 Paladin
2 Holy Light
1 Devotion Aura
» actions
| Assign group hotkey | 959 | |
| Basic commands | 310 | |
| Build / train | 248 | |
| Enter build submenu | 91 | |
| Enter hero's abilities submenu | 14 | |
| Give item / drop item | 4 | |
| Remove unit from queue | 7 | |
| Right click | 4484 | |
| Select / deselect | 1922 | |
| Select group hotkey | 1116 | |
| Use ability | 433 | |
9590 total
» units
| Peasant | 18 | |
| Footman | 7 | |
| Sorceress | 5 | |
| Rifleman | 1 | |
| Dragonhawk Rider | 11 | |
| Priest | 8 | |
| Siege Engine | 16 | |
| Mortar Team | 2 | |
68 total
» upgrades
| Defend | 1 | |
| Masonry | 3 | |
| Lumber Harvesting | 1 | |
| Magic Sentry | 1 | |
| Armor | 3 | |
| Animal War Training | 1 | |
| Barrage | 1 | |
| Gunpowder | 3 | |
| Cloud | 1 | |
| Plating | 2 | |
| Fragmentation Shards | 1 | |
| Priest Training | 2 | |
20 total
» buildings
| Altar of Kings | 1 | |
| Barracks | 1 | |
| Farm | 15 | |
| Scout Tower | 62 | |
| Arcane Tower | 24 | |
| Keep | 1 | |
| Arcane Vault | 1 | |
| Town Hall | 1 | |
| Lumber Mill | 3 | |
| Guard Tower | 62 | |
| Arcane Sanctum | 2 | |
| Blacksmith | 1 | |
| Gryphon Aviary | 2 | |
| Castle | 1 | |
| Workshop | 2 | |
| Cannon Tower | 1 | |
180 total
» build order
00:06 Altar of Kings
00:19 Barracks
00:33 Farm
01:03 Farm
01:26 Farm
02:05 Scout Tower
02:26 Scout Tower
03:32 Arcane Tower
03:33 Arcane Tower
03:37 Keep
03:59 Arcane Vault
04:01 Scout Tower
04:03 Scout Tower
05:10 Arcane Tower
05:10 Arcane Tower
05:10 Arcane Tower
06:01 Town Hall
06:03 Scout Tower
06:07 Scout Tower
06:34 Arcane Tower
06:35 Arcane Tower
06:37 Lumber Mill
06:38 Lumber Mill
07:09 Farm
07:58 Guard Tower
07:58 Guard Tower
08:16 Guard Tower
08:16 Guard Tower
08:16 Guard Tower
08:46 Arcane Sanctum
09:17 Scout Tower
09:31 Blacksmith
10:22 Gryphon Aviary
10:22 Gryphon Aviary
10:41 Farm
11:02 Guard Tower
11:02 Guard Tower
11:02 Guard Tower
11:48 Scout Tower
11:49 Scout Tower
12:18 Castle
12:45 Scout Tower
12:45 Scout Tower
13:13 Guard Tower
13:14 Guard Tower
13:14 Guard Tower
13:51 Scout Tower
13:52 Scout Tower
13:59 Farm
14:00 Farm
14:00 Farm
14:35 Guard Tower
14:35 Guard Tower
15:26 Scout Tower
15:26 Scout Tower
15:28 Scout Tower
15:28 Scout Tower
16:09 Guard Tower
16:10 Guard Tower
16:14 Arcane Sanctum
16:55 Guard Tower
17:17 Workshop
17:19 Workshop
18:29 Farm
18:31 Farm
18:31 Farm
18:32 Farm
18:33 Farm
18:35 Farm
19:13 Farm
19:56 Guard Tower
19:56 Guard Tower
19:57 Guard Tower
22:51 Scout Tower
22:52 Scout Tower
22:52 Scout Tower
23:19 Scout Tower
23:19 Scout Tower
23:19 Scout Tower
23:20 Scout Tower
23:39 Guard Tower
23:39 Guard Tower
24:12 Guard Tower
24:13 Guard Tower
29:55 Scout Tower
29:56 Scout Tower
29:56 Scout Tower
29:57 Scout Tower
30:26 Guard Tower
30:27 Scout Tower
30:27 Scout Tower
30:28 Scout Tower
30:28 Scout Tower
30:41 Scout Tower
30:41 Scout Tower
30:42 Scout Tower
30:42 Scout Tower
30:43 Lumber Mill
30:55 Guard Tower
30:55 Guard Tower
30:55 Guard Tower
30:56 Guard Tower
31:12 Guard Tower
31:12 Guard Tower
31:12 Guard Tower
32:49 Scout Tower
32:49 Scout Tower
32:50 Scout Tower
32:53 Scout Tower
32:54 Scout Tower
32:54 Scout Tower
33:13 Scout Tower
33:14 Scout Tower
33:14 Scout Tower
33:18 Guard Tower
33:18 Guard Tower
33:26 Arcane Tower
33:26 Arcane Tower
33:45 Scout Tower
33:46 Scout Tower
33:46 Scout Tower
33:54 Guard Tower
33:54 Guard Tower
33:56 Scout Tower
33:57 Scout Tower
33:57 Scout Tower
33:58 Scout Tower
34:45 Guard Tower
34:45 Guard Tower
35:28 Arcane Tower
35:29 Cannon Tower
35:29 Arcane Tower
52:31 Scout Tower
52:32 Scout Tower
53:04 Guard Tower
53:05 Guard Tower
53:06 Scout Tower
53:06 Scout Tower
53:25 Scout Tower
53:26 Scout Tower
53:28 Scout Tower
53:38 Arcane Tower
53:38 Arcane Tower
53:38 Arcane Tower
53:39 Arcane Tower
54:02 Scout Tower
54:03 Scout Tower
54:06 Guard Tower
54:06 Guard Tower
54:06 Guard Tower
54:07 Guard Tower
54:33 Guard Tower
54:33 Guard Tower
54:34 Guard Tower
54:34 Guard Tower
54:43 Scout Tower
55:11 Guard Tower
56:35 Guard Tower
» items
| Scroll of Regeneration | 4 | |
| Potion of Healing | 1 | |
| Staff of Sanctuary | 2 | |
| Scroll of Town Portal | 5 | |
| Scroll of Healing | 1 | |
| Scroll of Protection | 1 | |
| Potion of Lesser Invulnerability | 2 | |
| Potion of Invisibility | 1 | |
| Periapt of Vitality | 1 | |
| Circlet of Nobility | 1 | |
19 total

»
Rush[yyz] (
blue | 99 APM | 5874 actions | 59:17)
6 Priestess of the Moon
1 Searing Arrows
1 Scout
3 Trueshot Aura
1 Starfall
5 Pandaren Brewmaster
3 Breath of Fire
2 Drunken Haze
4 Warden
2 Fan of Knives
2 Shadow Strike
» actions
| Assign group hotkey | 172 | |
| Basic commands | 499 | |
| Build / train | 151 | |
| Enter build submenu | 33 | |
| Enter hero's abilities submenu | 15 | |
| Give item / drop item | 1 | |
| Remove unit from queue | 7 | |
| Right click | 2471 | |
| Select / deselect | 736 | |
| Select group hotkey | 1562 | |
| Use ability | 227 | |
5874 total
» units
| Wisp | 40 | |
| Glaive Thrower | 6 | |
| Hippogryph | 18 | |
| Chimaera | 8 | |
| Druid of the Talon | 2 | |
74 total
» upgrades
| Strength of the Moon | 1 | |
| Vorpal Blades | 1 | |
| Strength of the Wild | 3 | |
| Corrosive Breath | 1 | |
| Reinforced Hides | 3 | |
| Ultravision | 1 | |
| Well Spring | 1 | |
| Druid of the Talon Training | 2 | |
| Nature's Blessing | 1 | |
14 total
» buildings
| Altar of Elders | 1 | |
| Moon Well | 8 | |
| Hunter's Hall | 1 | |
| Ancient of War | 2 | |
| Tree of Ages | 1 | |
| Ancient Protector | 15 | |
| Ancient of Wind | 2 | |
| Tree of Eternity | 1 | |
| Chimaera Roost | 3 | |
| Tree of Life | 4 | |
| Ancient of Wonders | 2 | |
40 total
» build order
00:36 Altar of Elders
00:40 Moon Well
02:10 Hunter's Hall
02:14 Ancient of War
02:38 Moon Well
03:01 Moon Well
03:31 Tree of Ages
03:35 Ancient of War
04:07 Moon Well
04:41 Ancient Protector
06:20 Ancient of Wind
06:38 Ancient Protector
07:28 Tree of Eternity
09:14 Ancient Protector
09:16 Ancient Protector
10:05 Ancient Protector
10:08 Ancient Protector
11:00 Ancient of Wind
12:10 Chimaera Roost
12:12 Chimaera Roost
13:28 Tree of Life
14:14 Moon Well
14:15 Moon Well
14:16 Moon Well
17:39 Ancient of Wonders
19:16 Tree of Life
21:11 Tree of Life
21:18 Ancient Protector
21:32 Ancient Protector
21:33 Ancient Protector
21:34 Ancient Protector
21:35 Ancient Protector
21:36 Ancient Protector
21:37 Ancient Protector
22:05 Moon Well
23:08 Ancient Protector
23:09 Ancient Protector
28:49 Tree of Life
29:00 Ancient of Wonders
29:45 Chimaera Roost
» items
| Scroll of Town Portal | 6 | |
| Scroll of Healing | 10 | |
| Scroll of Protection | 6 | |
| Orb of Fire | 1 | |
| Potion of Healing | 1 | |
| Potion of Lesser Invulnerability | 5 | |
| Orb of Venom | 1 | |
| Periapt of Vitality | 1 | |
31 total

»
TIMG4STrok (
pink | 137 APM | 8115 actions | 59:19)
7 Archmage
3 Summon Water Elemental
3 Brilliance Aura
1 Mass Teleport
7 Mountain King
3 Storm Bolt
3 Bash
1 Avatar
6 Pandaren Brewmaster
3 Breath of Fire
1 Drunken Haze
1 Drunken Brawler
1 Storm Earth and Fire
» actions
| Assign group hotkey | 47 | |
| Basic commands | 151 | |
| Build / train | 172 | |
| ESC pressed | 7 | |
| Enter build submenu | 62 | |
| Enter hero's abilities submenu | 21 | |
| Give item / drop item | 14 | |
| Right click | 3656 | |
| Select / deselect | 594 | |
| Select group hotkey | 2967 | |
| Use ability | 424 | |
8115 total
» units
| Peasant | 25 | |
| Footman | 9 | |
| Dragonhawk Rider | 22 | |
56 total
» upgrades
| Defend | 1 | |
| Masonry | 3 | |
| Lumber Harvesting | 2 | |
| Magic Sentry | 1 | |
| Armor | 3 | |
| Swords | 3 | |
| Animal War Training | 1 | |
| Cloud | 1 | |
15 total
» buildings
| Altar of Kings | 2 | |
| Barracks | 1 | |
| Farm | 10 | |
| Scout Tower | 46 | |
| Arcane Tower | 3 | |
| Lumber Mill | 1 | |
| Keep | 1 | |
| Arcane Vault | 3 | |
| Guard Tower | 24 | |
| Town Hall | 3 | |
| Arcane Sanctum | 1 | |
| Gryphon Aviary | 2 | |
| Blacksmith | 1 | |
| Castle | 1 | |
| Workshop | 1 | |
100 total
» build order
00:06 Altar of Kings
00:13 Barracks
00:23 Farm
01:02 Farm
01:06 Farm
01:42 Farm
01:50 Scout Tower
02:32 Arcane Tower
04:38 Scout Tower
04:40 Lumber Mill
04:53 Keep
05:09 Arcane Vault
05:46 Guard Tower
05:52 Town Hall
05:57 Scout Tower
05:57 Scout Tower
05:58 Scout Tower
06:06 Scout Tower
06:10 Scout Tower
06:10 Scout Tower
06:25 Arcane Tower
06:26 Guard Tower
06:35 Guard Tower
06:38 Guard Tower
07:18 Scout Tower
07:38 Arcane Sanctum
07:58 Guard Tower
08:31 Scout Tower
08:42 Gryphon Aviary
08:43 Scout Tower
08:47 Scout Tower
08:52 Arcane Vault
08:57 Arcane Tower
09:12 Guard Tower
09:34 Scout Tower
10:00 Guard Tower
10:05 Scout Tower
10:11 Guard Tower
10:20 Scout Tower
10:20 Scout Tower
10:32 Farm
10:34 Farm
10:35 Scout Tower
10:55 Guard Tower
11:32 Guard Tower
11:34 Blacksmith
11:35 Guard Tower
11:38 Castle
12:22 Scout Tower
13:01 Scout Tower
13:02 Scout Tower
13:03 Scout Tower
13:05 Scout Tower
14:33 Town Hall
14:38 Scout Tower
14:38 Scout Tower
14:38 Scout Tower
14:39 Scout Tower
14:40 Scout Tower
14:40 Scout Tower
14:40 Scout Tower
14:41 Scout Tower
14:41 Scout Tower
14:41 Scout Tower
14:45 Guard Tower
14:46 Gryphon Aviary
15:33 Guard Tower
15:36 Guard Tower
15:36 Guard Tower
15:41 Farm
15:42 Guard Tower
15:44 Farm
15:47 Farm
15:48 Farm
16:00 Guard Tower
16:51 Guard Tower
18:25 Workshop
18:36 Altar of Kings
23:32 Town Hall
23:48 Scout Tower
23:49 Scout Tower
23:50 Scout Tower
23:50 Scout Tower
23:55 Scout Tower
23:56 Scout Tower
23:57 Scout Tower
23:58 Scout Tower
24:17 Guard Tower
24:21 Guard Tower
24:22 Guard Tower
25:10 Guard Tower
25:11 Arcane Vault
30:33 Scout Tower
30:34 Scout Tower
30:34 Scout Tower
30:35 Scout Tower
30:35 Scout Tower
30:36 Scout Tower
33:13 Guard Tower
37:26 Guard Tower
» items
| Scroll of Regeneration | 7 | |
| Scroll of Town Portal | 11 | |
| Boots of Speed | 3 | |
| Potion of Lesser Invulnerability | 1 | |
| Lesser Clarity Potion | 5 | |
| Staff of Sanctuary | 3 | |
| Potion of Healing | 5 | |
| Orb of Fire | 2 | |
| Periapt of Vitality | 3 | |
| Staff of Teleportation | 1 | |
| Circlet of Nobility | 1 | |
| Potion of Mana | 1 | |
43 total
Chat log
(00:09 / Allies) mata.: these guys rank 1?
(00:15 / Allies) TIMG4STrok: idk
(00:17 / Allies) TIMG4STrok: scout em up tho
(00:18 / Allies) TIMG4STrok: elf
(00:26 / Allies) mata.: hu hu orc or what was it
(00:30 / Allies) TIMG4STrok: ye
(00:32 / Allies) TIMG4STrok: expecting a trush
(00:47 / Allies) mata.: want me to scout top ?
(00:50 / Allies) TIMG4STrok: neh
(00:52 / Allies) TIMG4STrok: we 2x hu
(00:54 / Allies) TIMG4STrok: we can handle trush
(01:06 / Allies) Rush[yyz]: tower?
(01:11 / Allies) mata.: woa
(01:16 / Allies) mata.: - neo, the matrix, 1999
(01:22 / Allies) TIMG4STrok: the 1st one was really good
(01:33 / Allies) mata.: i liked all of em actually
(01:36 / Allies) TIMG4STrok: me too
(01:39 / Allies) TIMG4STrok: but 1st was gr8
(01:42 / Allies) mata.: yeah first was best
(01:56 / Allies) mata.: i go harass
(02:04 / Allies) Rush[yyz]: i think they towa
(02:13 / Allies) mata.: should we also then
(02:25 / Allies) Rush[yyz]: ya
(02:32 / Allies) mata.: gay
(02:34 / Allies) TIMG4STrok: send
(02:36 / Allies) mata.: i feel bad for seriousing now
(02:38 / Allies) TIMG4STrok: i got defend teching
(02:43 / All) 50Food_Hunts: wtf
(02:49 / All) mata.: noob tower?
(02:55 / All) mata.: you cant win lik ethat
(03:41 / All) 100_FoodWyrms: HEUHEUEHUE
(03:48 / Allies) mata.: damn cant beleive they got that up
(03:51 / Allies) Rush[yyz]: i tech glaives, si?
(03:55 / Allies) mata.: sure i guess
(03:57 / Allies) mata.: gonna expand
(04:24 / Allies) TIMG4STrok: you guys afk or something
(04:29 / Allies) TIMG4STrok: we need to focus 1
(04:41 / Allies) mata.: ok
(04:46 / Allies) TIMG4STrok: i got defend
(04:48 / Allies) TIMG4STrok: lets hit orc
(05:02 / Allies) TIMG4STrok: goinna expo 1st
(06:11 / Allies) mata.: lets hit
(06:13 / Allies) mata.: and shit
(06:28 / Allies) TIMG4STrok: tower main
(06:29 / Allies) TIMG4STrok: for bat
(06:30 / Allies) TIMG4STrok: invisimort
(06:32 / Allies) mata.: yea done
(06:42 / Allies) mata.: well too early for that
(06:45 / Allies) TIMG4STrok: share
(06:45 / Allies) mata.: lol
(06:55 / Allies) mata.: spikes here
(06:56 / Allies) mata.: why orc?
(06:59 / Allies) TIMG4STrok: creep
(07:01 / Allies) TIMG4STrok: i got scroll
(07:04 / Allies) mata.: m2
(07:32 / Allies) TIMG4STrok: orc got least towers probably
(07:46 / Allies) TIMG4STrok: wood me
(07:48 / Allies) TIMG4STrok: i tower this
(07:51 / Allies) TIMG4STrok: make a lil outpost
(07:55 / Allies) mata.: got nooo wood
(08:05 / Allies) TIMG4STrok: bring wispo
(08:23 / All) mata.: failstrat
(08:35 / All) mata.: so laggy!
(09:00 / Allies) TIMG4STrok: mo lum
(09:08 / Allies) TIMG4STrok: mo towers
(09:10 / Allies) mata.: teching site tower
(09:14 / Allies) mata.: want me to send hu tower?
(09:17 / Allies) TIMG4STrok: ye
(09:23 / Allies) Rush[yyz]: if u want
(09:25 / Allies) TIMG4STrok: focus worker
(09:25 / Allies) mata.: done
(10:14 / Allies) mata.: take out his expo if he got one
(10:16 / Allies) mata.: yechin sentry
(10:28 / Allies) mata.: damn creeps! lmao!
(11:40 / Allies) mata.: need lumber like nuts
(11:56 / Allies) mata.: brt
(12:14 / Allies) mata.: ready to pump dhawk but stayin 50
(12:17 / Allies) TIMG4STrok: same
(12:41 / Allies) mata.: healin up my foots
(13:01 / Allies) mata.: i tp
(13:07 / Allies) mata.: or just chase em down
(13:58 / Allies) Rush[yyz]: wanna?
(14:03 / Allies) mata.: sure
(14:06 / Allies) mata.: we got cloud?
(15:14 / Allies) mata.: killing my feets
(15:21 / Allies) mata.: gonna creep em to death
(15:34 / Allies) TIMG4STrok: wood me
(15:56 / Allies) mata.: mass gyros
(15:57 / Allies) mata.: on teal
(16:11 / Allies) mata.: we need some tank ok
(16:50 / Allies) mata.: AHHH MY ARMY
(17:00 / Allies) mata.: going dhawk only
(17:06 / Allies) TIMG4STrok: tp
(17:07 / Allies) TIMG4STrok: noobs
(17:07 / Allies) TIMG4STrok: god
(17:08 / Allies) TIMG4STrok: fuck
(17:32 / Allies) mata.: stop pinging
(17:35 / Allies) TIMG4STrok: can you tab in
(17:56 / Allies) TIMG4STrok: bender are you here
(18:00 / Allies) Rush[yyz]: no
(18:10 / Allies) TIMG4STrok: why did we let them do this
(18:11 / Allies) TIMG4STrok: i wonder
(18:26 / Allies) mata.: gonna mass tanks
(18:30 / Allies) TIMG4STrok: ok i got hawk
(19:30 / All) mata.: hope they dont get tome of powers :S
(19:51 / Allies) mata.: tping now
(20:02 / Allies) TIMG4STrok: gogogogo
(20:41 / Allies) mata.: benders birds were way too late there
(22:09 / Allies) mata.: that shits real crazy
(22:10 / Allies) TIMG4STrok: we need to take top & bottom
(22:15 / Allies) mata.: yea
(22:25 / Allies) TIMG4STrok: top go
(22:26 / Allies) mata.: help me creep and i'll tower it
(23:37 / Allies) mata.: yeah shoulda given me that tome of power
(23:43 / Allies) TIMG4STrok: was clicking fast
(23:45 / Allies) mata.: or yourself
(23:46 / Allies) TIMG4STrok: so blade couldnt take
(23:46 / Allies) mata.: for 6
(24:00 / Allies) mata.: damn i gotta get to shop
(24:27 / Allies) mata.: yea coming
(24:41 / Allies) TIMG4STrok: klill gyro
(24:42 / Allies) TIMG4STrok: plz
(25:16 / Allies) mata.: use ehalscrolls
(26:26 / Allies) mata.: wtf
(26:31 / Allies) mata.: bad fite
(26:47 / Allies) TIMG4STrok: gonna chill at 60
(26:48 / Allies) TIMG4STrok: 50
(27:06 / Allies) mata.: woa
(27:29 / Allies) mata.: sickass heroes
(27:56 / Allies) mata.: 5 4 4 is really nuts
(28:20 / Allies) TIMG4STrok: you guys afk??
(28:25 / Allies) mata.: heroes read
(28:26 / Allies) mata.: dead
(28:32 / Allies) mata.: lol made him cancel
(28:36 / Allies) mata.: they feel threatened mb
(29:04 / Allies) mata.: gonna tower bottom
(30:53 / Allies) TIMG4STrok: got mass teep
(30:57 / Allies) mata.: yea nice
(31:00 / Allies) mata.: too bad i got the tanks
(31:11 / Allies) TIMG4STrok: red mk
(32:40 / Allies) mata.: they just fitin with heroes now
(32:46 / Allies) TIMG4STrok: i brb
(33:43 / Allies) TIMG4STrok: you expo = gone
(34:13 / Allies) mata.: gotta hold onta base
(35:09 / Allies) TIMG4STrok: no5 hero plz
(35:52 / Allies) TIMG4STrok: wjhy is mata trolling
(35:54 / Allies) TIMG4STrok: with level 5 am
(35:56 / Allies) mata.: huh
(36:19 / Allies) mata.: want me to cloud?
(36:23 / Allies) mata.: and go in with tank
(36:50 / Allies) TIMG4STrok: keep workin it with bof
(36:58 / Allies) mata.: 7000 in top mine
(37:04 / Allies) mata.: he stop mining cuz of upkeep
(37:18 / Allies) mata.: i'll farmine it
(37:48 / Allies) mata.: gotta tp home
(37:51 / Allies) TIMG4STrok: go
(37:52 / Allies) TIMG4STrok: i cloud
(37:55 / Allies) mata.: went
(38:09 / Allies) mata.: wtf so lag
(38:27 / Allies) mata.: getting 0 fps
(38:28 / Allies) mata.: jesus
(38:40 / Allies) Rush[yyz]: mata you got mad dhawks
(38:42 / Allies) Rush[yyz]: in my base
(38:43 / Allies) mata.: gyrs might be lagging me out
(38:48 / Allies) mata.: oh wow
(38:54 / Allies) TIMG4STrok: lmao
(38:57 / Allies) mata.: useful
(39:00 / Allies) mata.: im so blazed
(39:07 / All) TIMG4STrok: yo guise what do i spend my 10k on.
(39:16 / Allies) mata.: i tp down
(41:42 / Allies) mata.: timg go int
(41:42 / Allies) mata.: no upkeep
(41:43 / Allies) mata.: please
(41:47 / Allies) mata.: im oog
(41:51 / Allies) TIMG4STrok: oops
(42:07 / Allies) mata.: comin down
(43:05 / Allies) mata.: use that mass tele and win us some games timg
(43:17 / Allies) TIMG4STrok: where you want me to go
(43:22 / Allies) TIMG4STrok: make some dott
(43:23 / Allies) mata.: well they're fuckin around outside my base
(43:24 / Allies) TIMG4STrok: one or 2
(43:31 / Allies) Rush[yyz]: 80 food
(43:55 / Allies) mata.: teching infire
(45:23 / Allies) TIMG4STrok: lets wait
(45:24 / Allies) TIMG4STrok: til day
(45:29 / Allies) mata.: i can cloud it np
(45:33 / Allies) TIMG4STrok: otay
(46:51 / Allies) mata.: gimme some gold for a tank
(46:53 / Allies) mata.: im 46
(46:55 / Allies) TIMG4STrok: you in
(46:55 / Allies) TIMG4STrok: ok
(47:06 / Allies) mata.: ok upkeep now
(47:26 / Allies) mata.: fuck that
(47:35 / Allies) mata.: see those bats
(49:47 / Allies) mata.: i gotta out
(50:05 / Allies) mata.: didnt lose so much but heroes low on hp
(50:59 / Allies) TIMG4STrok: stack periapts
(51:02 / Allies) TIMG4STrok: i buy for you if you want
(51:09 / Allies) mata.: is cool
(51:38 / Allies) TIMG4STrok: damn mines out
(51:45 / Allies) mata.: parkin azz here
(51:45 / Allies) Rush[yyz]: mine has 7k
(51:47 / Allies) Rush[yyz]: no mining it
(51:49 / Allies) mata.: crawl a tree of life
(51:50 / Allies) mata.: over
(51:50 / Allies) mata.: here
(51:52 / Allies) mata.: and take this one
(52:33 / Allies) TIMG4STrok: whyd you mvoe tank
(52:35 / Allies) TIMG4STrok: you had him surr
(52:44 / Allies) mata.: no pay attn
(53:23 / Allies) Rush[yyz]: hmm
(54:42 / Allies) TIMG4STrok: he stealin our gold
(54:44 / Allies) Rush[yyz]: im no upkeep
(54:47 / Allies) Rush[yyz]: gonna mine this out
(55:35 / Allies) mata.: all pay attn please
(56:16 / Allies) mata.: wanna charge this?
(56:19 / Allies) mata.: not so many towers really
(56:27 / Allies) mata.: my tanks sweep np
(56:39 / Allies) mata.: i mean this is just silly
(56:41 / Allies) Rush[yyz]: kill phoenix
(56:41 / Allies) Rush[yyz]: lol
(56:49 / Allies) mata.: im going
(56:49 / Allies) TIMG4STrok: gogogo i cloud
(56:49 / Allies) mata.: gl
(58:36 / All) TIMG4STrok: noobs may leave
(58:54 / All) mata.: towers dont win games kids
(59:01 / All) 50Food_Hunts: they did for you
(59:13 / All) 50Food_Hunts: not like you were willing to fight unless we just fought inside your towers
(59:14 / Allies) TIMG4STrok: hey